 Dungeon Crawl Stone Soup version 0.29.1-12-g30fa7ad0bf (webtiles) character file.

Game seed: 10544759044139751540

469 hawla the Chiller (level 7, -17/51 HPs)
             Began as a Meteoran Ice Elementalist on Dec 15, 2022.
             Was an Initiate of Vehumet.
             Demolished by an ogre
             ... wielding a +0 giant club
              (33 damage)
             ... on level 5 of the Dungeon.
             The game lasted 00:06:59 (1305 turns).

hawla the Chiller (Meteoran Ice Elementalist)       Turns: 1305, Time: 00:06:59

Health: -17/51     AC:  2    Str:  9    XL:     7   Next: 57%
Magic:  9/13       EV: 12    Int: 19    God:    Vehumet [......]
Gold:   33         SH:  0    Dex: 15    Spells: 5/13 levels left

rFire   . . .      SeeInvis .   c - staff of death
rCold   . . .      Faith    .   (no shield)
rNeg    + . .      Spirit   .   a - +0 robe
rPois   .          Reflect  .   (no helmet)
rElec   .          Harm     .   (no cloak)
rCorr   .          Rampage  .   (no gloves)
Will    .....                   (no boots)
Stlth   +.........              (no amulet)
HPRegen 0.17/turn               (no ring)
MPRegen 0.13/turn               (no ring)

@: freezing walls, glowing
A: sense surroundings 1, otherworldly, glowing, explore regen
a: Renounce Religion


You were on level 5 of the Dungeon.
You worshipped Vehumet.
Vehumet was noncommittal.
You visited 2 branches of the dungeon, and saw 6 of its levels.

You collected 33 gold pieces.

Inventory:

Armour
 a - a +0 robe (worn)
Magical Staves
 c - a staff of death (weapon)
Scrolls
 j - a scroll of poison
 k - 4 scrolls of identify {unknown}
Potions
 b - a potion of magic
 d - a potion of lignification {unknown}
 e - a potion of attraction {unknown}
 f - 3 potions of degeneration {unknown}
 g - 3 potions of curing {unknown}
 h - a potion of might {unknown}
 i - 4 potions of heal wounds {unknown}
 l - a potion of mutation {unknown}


   Skills:
 - Level 0.4 Fighting
 - Level 2.6 Dodging
 - Level 1.4 Stealth
 - Level 3.8 Spellcasting
 + Level 5.5 Conjurations
 - Level 2.0 Necromancy
 - Level 5.9 Ice Magic
 - Level 2.0 Evocations


You had 5 spell levels left.
You knew the following spells:

 Your Spells              Type           Power      Damage    Failure   Level
a - Freeze                Ice            100%       1d11      1%          1
b - Frozen Ramparts       Ice            52%        1d8       3%          3
c - Hailstorm             Conj/Ice       25%        3d7       13%         4

Your spell library contained the following spells:

 Spells                   Type           Power      Damage    Failure   Level
 Ozocubu's Armour         Ice            26%        N/A       3%          3


Dungeon Overview and Level Annotations

Branches:
Dungeon (5/15) Zot: 1753   Temple (1/1) D:4 Zot: 528

Altars:
Cheibriados
Dithmenos
Gozag
Hepliaklqana
Qazlal
Ru
Trog
Uskayaw
Vehumet
Wu Jian
Xom
Yredelemnul
The Shining One

Shops:
D:3 [


Innate Abilities, Weirdness & Mutations

You passively map a small area around you.
You are easily found by Zot.
You glow in the dark.
You regain HP and MP as you explore.


Message History

Casting: Hailstorm (quite dangerous; 16% risk of failure)
Press: ? - help, Dir - look around, f - activate A cannonade of hail descends around you!
The hail pelts the centaur!
The centaur is almost dead.
The wall freezes the centaur.
You kill the centaur!
Vehumet accepts your kill.
Your Conjurations skill increases to level 5!
The frozen ramparts melt away as you move.
Found an escape hatch in the ceiling.
k - 4 scrolls labelled BOVIMI TAFIOQO (gained 1)
An ogre comes into view. It is wielding a +0 giant club.
An ogre is nearby!
You hear the slow hiss of a very distant avalanche of sand.
The ogre shouts!
Casting: Hailstorm (quite dangerous; 13% risk of failure)
Confirm with . or Enter, or press ? or * to list all spells.
Casting: Frozen Ramparts (dangerous; 3% risk of failure)
Press: ? - help, Dir - look around, f - activate
Okay, then.
The ogre hits you with a +0 giant club!!
Ouch! That really hurt!
* * * LOW HITPOINT WARNING * * *
Casting: Frozen Ramparts (dangerous; 3% risk of failure)
Confirm with . or Enter, or press ? or * to list all spells.
Casting: Frozen Ramparts (dangerous; 3% risk of failure)
Press: ? - help, Dir - look around, f - activate The walls around you are covered in ice.
Casting: Frozen Ramparts (dangerous; 3% risk of failure)
Confirm with . or Enter, or press ? or * to list all spells.
Aiming: Freeze (safe; 1% risk of failure)
Press: ? - help, Shift-Dir - straight line, f - ogre
Aim: an ogre, wielding a +0 giant club You freeze the ogre.
The ogre is lightly wounded.
The wall freezes the ogre.
The ogre hits you with a +0 giant club!!
Ouch! That really hurt!
You die...

* ,, #......# #.#. , *
#......# , *.'..
#...... _ *.'.., #....#
, , '.# ,* ###....##, *
#'####### ..#.....#
#.......#
..#.....#######.......#
..#.............@.....#
'##..####.###..O###..##
.###'####'###...### *#
......#...>'......#
......#...>#......#
###..##'####......#
#*#..##...##......#
#.....)..........##
#................##


You could see an ogre.

Vanquished Creatures
  A centaur (D:5)
  2 scorpions
  A howler monkey (D:5)
  3 hounds
  An iron imp (D:4)
  An iguana (D:4)
  6 adders
  A worm (D:3)
  2 orcs (D:4)
  An endoplasm (D:4)
  2 giant cockroaches
  4 goblins
  A hobgoblin (D:4)
  4 jackals
  2 quokkas
  3 bats
  2 kobolds
  4 rats
41 creatures vanquished.

Notes
Turn   | Place    | Note
-------+----------+-------------------------------------------
     0 | D:1      | hawla the Meteoran Ice Elementalist began the quest for the
                  | Orb.
     0 | D:1      | Reached XP level 1. HP: 14/14 MP: 5/5
     9 | D:2      | Reached XP level 2. HP: 7/20 MP: 2/6
    31 | D:3      | Reached XP level 3. HP: 5/26 MP: 4/8
    34 | D:3      | HP: 1/26 [poisoned by an adder]
    92 | D:3      | Reached skill level 1 in Necromancy
    92 | D:3      | Reached skill level 1 in Evocations
   146 | D:2      | Reached XP level 4. HP: 33/33 MP: 6/9
   190 | D:3      | Learned a level 3 spell: Frozen Ramparts
   312 | D:3      | Found Lyengoezi's Armour Shop.
   328 | D:3      | Reached skill level 5 in Ice Magic
   339 | D:4      | Found a snail-covered altar of Cheibriados.
   352 | D:4      | Reached XP level 5. HP: 5/38 MP: 4/10
   441 | D:4      | Reached XP level 6. HP: 10/46 MP: 7/12
   446 | D:4      | Learned a level 4 spell: Hailstorm
   853 | D:4      | Found a staircase to the Ecumenical Temple.
   870 | Temple   | Entered the Ecumenical Temple
   921 | Temple   | Became a worshipper of Vehumet
  1099 | D:4      | Found a hazy altar of Hepliaklqana.
  1151 | D:5      | Entered Level 5 of the Dungeon
  1234 | D:5      | Reached XP level 7. HP: 44/51 MP: 6/13
  1285 | D:5      | Reached skill level 5 in Conjurations
  1305 | D:5      | Demolished by an ogre

Illustrated notes

Levels and vault maps discovered:
D:1:      wander_arrival_desolate, layout_basic,
          hellmonk_ecumenical_altar_arch_garden, minmay_misc_feat_columns
D:2:      layout_basic, serial_shops, shop
D:3:      layout_basic, serial_shops, shop
D:4:      layout_loops_ring, nicolae_hepliaklqana_hippocampus,
          nicolae_overflow_hidden_temple, slow_altar_2, temple_pool_b
D:5:      layout_gridville, mainiacjoe_overflow_alcove_4, enter_ossuary_4
Temple:   hellmonk_temple_of_storms

Skill      XL: |  1  2  3  4  5  6  7 |
---------------+----------------------+-----
Necromancy     | 1 2 |  2.0
Evocations     | 1 2 |  2.0
Ice Magic      | 5 |  5.9
Spellcasting   | 3 |  3.8
Conjurations   | 4 5 |  5.5
Fighting       | |  0.4
Dodging        | |  2.6
Stealth        | |  1.4

Action                   |  1- 3 |  4- 6 |  7- 9 || total
-------------------------+-------+-------+-------++-------
Melee: Staff             |       |    49 |     2 ||    51
 Cast: Freeze            |    18 |    22 |     1 ||    41
       Frozen Ramparts   |       |    19 |     3 ||    22
       Hailstorm         |       |       |     1 ||     1
  Use: Scroll            |       |     3 |       ||     3
Armor: Robe              |     5 |     8 |       ||    13
Dodge: Dodged            |     4 |    36 |       ||    40
